 Dungeon Crawl Stone Soup version 0.18-a0-1577-gf591c28 (webtiles) character file.

8974 gullinbursti the Blocker (level 11, -3/97 HPs)
             Began as a Deep Dwarf Fighter on Mar 22, 2016.
             Was a High Priest of the Shining One.
             Killed by divine providence
             ... invoked by an orc priest
              (13 damage)
             ... on level 2 of the Orcish Mines on Mar 23, 2016.
             The game lasted 02:14:20 (10309 turns).

gullinbursti the Blocker (Deep Dwarf Fighter)      Turns: 10309, Time: 02:14:20

Health: -3/97      AC: 20    Str: 23    XL:     11   Next: 16%
Magic:  11/11      EV: 11    Int:  9    God:    the Shining One [*****.]
Gold:   1153       SH: 25    Dex: 14    Spells: 0 memorised, 10 levels left

rFire  + + .     SeeInvis .     A - +6 hand axe
rCold  x . .     Gourm    .     h - +2 fire dragon armour
rNeg   + + .     Faith    .     o - +2 large shield {reflect}
rPois  .         Spirit   .     l - +1 helmet
rElec  .         Dismiss  .     q - +2 cloak
rCorr  .         Reflect  +     I - +0 pair of gloves
SustAt .         Harm     .     (no boots)
MR     +....                    b - +5 amulet of reflection
Stlth  +.........               U - +2 ring of dexterity
                                z - ring of stealth

@: non-regenerating, glowing, somewhat resistant to hostile enchantments, very
unstealthy
A: damage resistance, recharge devices, sense surroundings 2, slow regeneration
3
a: Device Recharging, Divine Shield, Cleansing Flame, Summon Divine Warrior,
Renounce Religion


You were on level 2 of the Orcish Mines.
You worshipped the Shining One.
The Shining One was extremely pleased with you.
You were hungry.

You visited 3 branches of the dungeon, and saw 12 of its levels.
You also visited: Bailey.

You collected 1208 gold pieces.
You spent 55 gold pieces at shops.

Inventory:

Hand Weapons
 a - a +0 war axe
 y - a +4 hand axe
 A - a +6 hand axe (weapon)
 M - a +0 dire flail
 N - a +0 halberd
 O - a +3 rapier
 Y - a +0 hunting sling
 Z - a +0 quarterstaff
Missiles
 S - a throwing net (quivered)
Armour
 c - a +2 leather armour of cold resistance
 h - a +2 fire dragon armour (worn)
 l - a +1 helmet (worn)
 o - a +2 large shield of reflection (worn)
 q - a +2 cloak (worn)
 u - a +0 robe of magic resistance
 I - a +0 pair of gloves (worn)
 J - the +1 robe of the Vaults {+Blink}
   (You found it on level 7 of the Dungeon)

   It lets you blink.
Jewellery
 b - a +5 amulet of reflection (around neck)
 t - an uncursed ring of sustain attributes
 z - a ring of stealth (left hand)
 T - an uncursed ring of flight
 U - a +2 ring of dexterity (right hand)
 V - an uncursed ring of wizardry
Wands
 e - a wand of heal wounds (5/9)
 C - a wand of flame (31/48)
 D - a wand of digging (6/24)
 F - a wand of confusion (32/48)
 W - a wand of slowing (24/48)
Scrolls
 g - 2 scrolls of remove curse
 n - 2 scrolls of recharging
 p - a scroll of enchant armour
 r - a scroll of enchant weapon
 w - a scroll of fear {unknown}
 E - 3 scrolls of magic mapping
 H - 3 scrolls of teleportation
 K - a scroll of noise {unknown}
 X - 2 scrolls of fog {unknown}
Potions
 d - a potion of might
 i - 4 potions of agility
 k - 3 potions of flight
 m - a potion of magic
 v - 5 potions of curing
 B - a potion of heal wounds
 G - a potion of cure mutation {unknown}
Books
 s - a book of Maledictions

   Spells                             Type                      Level
   a - Corona                         Hexes                        1
   b - Ensorcelled Hibernation        Hexes/Ice                    2
   c - Confuse                        Hexes                        3
   d - Tukima's Dance                 Hexes                        3
   e - Dazzling Spray                 Conjuration/Hexes            3
 x - a book of Party Tricks

   Spells                             Type                      Level
   a - Summon Butterflies             Summoning                    1
   b - Apportation                    Translocation                1
   c - Tukima's Dance                 Hexes                        3
   d - Alistair's Intoxication        Transmutation/Poison         5
   e - Invisibility                   Hexes                        6
 P - a book of Death

   Spells                             Type                      Level
   a - Corpse Rot                     Necromancy                   2
   b - Sublimation of Blood           Necromancy                   2
   c - Agony                          Necromancy                   5
   d - Dispel Undead                  Necromancy                   5
   e - Excruciating Wounds            Charms/Necromancy            5
   f - Bolt of Draining               Conjuration/Necromancy       5
   The Shining One disapproves of the use of such an item.
Comestibles
 f - 4 bread rations


   Skills:
 + Level 6.2 Fighting
 + Level 9.1 Axes
 + Level 0.6 Throwing
 + Level 8.1 Armour
 + Level 7.4 Dodging
 + Level 2.5 Stealth
 + Level 11.1 Shields
 + Level 3.3 Evocations


You had 10 spell levels left.
You didn't know any spells.

Dungeon Overview and Level Annotations

Branches:
Dungeon (9/15)             Temple (1/1) D:6             Orc (2/2) D:9
    Elf (0/3) Orc:2
   Lair: D:8-11

Altars:
Ashenzari
Cheibriados
Dithmenos
Elyvilon
Fedhas
Gozag
Kikubaaqudgha
Makhleb
Nemelex Xobeh
Okawaru
Pakellas
Qazlal
Ru
Sif Muna
Trog
Vehumet
Xom
Yredelemnul
Zin
The Shining One
Beogh

Shops:
D:5 !


Innate Abilities, Weirdness & Mutations

You are resistant to damage.
You can recharge devices by infusing magical energy.
You passively map the area around you.
You do not regenerate naturally.


Message History

An orc comes into view.
There is a staircase to the Elven Halls here.
An orc wizard comes into view. It is wielding a dagger.
The orc shouts!
The orc wizard shouts!
Found 27 gold pieces.
An orc warrior comes into view. It is wielding a dire flail.
An orc and an orc warrior come into view.
The orc warrior shouts! x2; The orc shouts!
The orc priest calls down the wrath of Beogh upon you.
Beogh smites you!
* * * LOW HITPOINT WARNING * * *
Items here: )) [ † a flail; a mace; a ring mail; an orc corpse
Items here: )) [ † a flail; a mace; a ring mail; an orc corpse You hit the orc priest.
The orc priest is moderately wounded.
The orc priest mumbles some strange prayers to Beogh against you.
Beogh smites you!
You die...

#....### * ,
....#.## *...#..#
, #....# * ,
#....#### ..
#....#..## ,..#
###......#
,...#*#.#<).####*
....###.@...#
.....#oo#.###
*#.......### ,, *
##.....o.# ,. **
#......>.###....
, ,
##.......o......
, *
#............#.
,, , , *
#....###.....##**
..### #.....# ,


You could see an orc warrior, an orc priest and an orc wizard.

Vanquished Creatures
  An orc high priest (Orc:1)
  An orc knight (Bailey)
  2 orc sorcerers (Orc:1)
  Joseph (D:7)
  A troll (Orc:2)
  Prince Ribbit (D:5)
  2 wyverns (D:8)
  A hungry ghost (D:7)
  2 hippogriffs
  2 wargs (Orc:1)
  2 water moccasins
  5 sky beasts
  14 orc warriors
  2 wasps (D:8)
  7 ogres
  A centaur (D:5)
  An elf zombie (D:4)
  4 giant frogs
  A big kobold (D:9)
  Blork the orc (D:4)
  A scorpion (D:7)
  5 killer bees (D:8)
  3 howler monkeys
  3 crimson imps
  A giant frog zombie (D:5)
  4 jellies
  A hound (D:6)
  2 centaur skeletons
  A gnoll shaman (D:8)
  10 orc priests
  4 giant frog skeletons
  An iguana (D:9)
  14 orc wizards
  2 human skeletons (D:4)
  8 worker ants
  A killer bee zombie (D:6)
  2 hound skeletons (D:5)
  A howler monkey zombie (D:9)
  2 worker ant zombies
  10 gnolls
  5 adders
  4 shadow imps
  An ooze (D:2)
  2 adder zombies
  A worm (D:6)
  2 dart slugs
  4 giant geckos
  52 orcs
  6 bats
  4 giant cockroaches
  12 goblins
  5 hobgoblins
  3 jackals (D:7)
  12 kobolds
  3 quokkas
  3 giant gecko skeletons
  A giant gecko zombie (D:9)
  7 giant newts
  A jackal zombie (D:8)
  2 orc skeletons (D:4)
  An orc zombie (D:4)
  A quokka skeleton (D:9)
  2 rats
262 creatures vanquished.

Vanquished Creatures (others)
  A centaur (D:6)
  A kobold (D:9)
2 creatures vanquished.

Grand Total: 264 creatures vanquished

Notes
Turn   | Place    | Note
--------------------------------------------------------------
     0 | D:1      | gullinbursti the Deep Dwarf Fighter began the quest for the Orb.
     0 | D:1      | Reached XP level 1. HP: 20/20 MP: 1/1
   219 | D:1      | Reached XP level 2. HP: 24/27 MP: 2/2
   592 | D:1      | Reached XP level 3. HP: 23/34 MP: 3/3
   759 | D:2      | Reached skill level 1 in Dodging
   763 | D:2      | Found a glowing golden altar of the Shining One.
   786 | D:2      | Became a worshipper of the Shining One
  1368 | D:3      | Found a stormy altar of Qazlal.
  1370 | D:3      | Noticed an air elemental
  1370 | D:3      | Noticed a water elemental
  1371 | D:3      | Noticed a fire elemental
  1371 | D:3      | Noticed an earth elemental
  1498 | D:3      | Reached skill level 4 in Shields
  1619 | D:3      | Reached XP level 4. HP: 19/42 MP: 4/4
  2032 | D:4      | Noticed Blork the orc
  2045 | D:4      | Killed Blork the orc
  2045 | D:4      | Reached skill level 1 in Stealth
  2049 | D:4      | Reached XP level 5. HP: 26/49 MP: 5/5
  2079 | D:4      | Reached * piety under the Shining One
  2423 | D:4      | Reached XP level 6. HP: 35/56 MP: 6/6
  2719 | D:4      | Reached skill level 5 in Shields
  2998 | D:4      | You fall through a shaft for 2 floors!
  2998 | D:6      | Noticed a sky beast
  2999 | D:6      | Found a snail-covered altar of Cheibriados.
  3004 | D:6      | Noticed a sky beast
  3012 | D:5      | Entered Level 5 of the Dungeon
  3024 | D:5      | Killed a sky beast
  3024 | D:5      | Reached skill level 1 in Evocations
  3024 | D:5      | Reached XP level 7. HP: 18/63 MP: 7/7
  3028 | D:5      | Reached skill level 5 in Armour
  3081 | D:5      | Noticed Prince Ribbit
  3081 | D:5      | Reached ** piety under the Shining One
  3782 | D:5      | Found Nifriu's Distillery.
  3799 | D:5      | The Shining One protects you from harm!
  3801 | D:5      | Killed Prince Ribbit
  3801 | D:5      | Reached skill level 5 in Axes
  3801 | D:5      | Reached skill level 6 in Shields
  3801 | D:5      | Reached XP level 8. HP: 12/73 MP: 8/8
  3962 | D:5      | Bought a potion of heal wounds for 55 gold pieces
  4081 | D:6      | HP: 3/73 [orc priest/nerve-wracking pain (11)]
  4467 | D:6      | Found a staircase to the Ecumenical Temple.
  4493 | D:6      | Found a shadowy altar of Dithmenos.
  4493 | D:6      | Found an opulent altar of Gozag.
  4598 | D:6      | Reached *** piety under the Shining One
  4622 | D:6      | Reached skill level 7 in Shields
  4779 | Temple   | Entered the Ecumenical Temple
  5157 | D:7      | Reached skill level 5 in Dodging
  5157 | D:7      | Gained mutation: You passively map the area around you. [Deep Dwarf growth]
  5157 | D:7      | Reached XP level 9. HP: 31/80 MP: 10/10
  5172 | D:7      | Reached skill level 5 in Fighting
  5208 | D:7      | Noticed Joseph
  5233 | D:7      | Killed Joseph
  5360 | D:7      | Got a sheer robe
  5510 | D:7      | Identified the +1 robe of the Vaults {+Blink} (You found it on level 7 of the Dungeon)
  5693 | D:7      | Found a flagged portal.
  5701 | Bailey   | Entered a bailey
  5835 | Bailey   | Reached skill level 8 in Shields
  5925 | Bailey   | Noticed an orc knight
  6039 | Bailey   | HP: 3/81 [orc knight/glaive (4)]
  6046 | Bailey   | Noticed an orc knight
  6063 | Bailey   | Killed an orc knight
  6278 | Bailey   | The Shining One protects you from harm!
  6898 | D:8      | Found an iron altar of Okawaru.
  7138 | D:8      | Reached XP level 10. HP: 47/91 MP: 11/11
  7148 | D:8      | Found a basalt altar of Yredelemnul.
  7249 | D:8      | Reached skill level 9 in Shields
  7804 | D:8      | Found a burning altar of Makhleb.
  7819 | D:8      | Found a deep blue altar of Sif Muna.
  8008 | D:8      | Reached **** piety under the Shining One
  8153 | D:9      | Found a sacrificial altar of Ru.
  8473 | D:9      | Found a shattered altar of Ashenzari.
  8863 | D:9      | Found a blossoming altar of Fedhas.
  9007 | D:9      | Found a staircase to the Orcish Mines.
  9047 | D:9      | Found a roughly hewn altar of Beogh.
  9083 | Orc:1    | Entered Level 1 of the Orcish Mines
  9160 | Orc:1    | Reached skill level 10 in Shields
  9441 | Orc:1    | Noticed an orc sorcerer
  9449 | Orc:1    | Noticed a soul eater
  9451 | Orc:1    | Noticed a soul eater
  9468 | Orc:1    | Noticed an orange demon
  9488 | Orc:1    | Killed an orc sorcerer
  9544 | Orc:1    | Noticed an orc sorcerer
  9546 | Orc:1    | Paralysed by an orc sorcerer for 2 turns
  9565 | Orc:1    | HP: 2/91 [orc sorcerer/bolt of fire (5)]
  9567 | Orc:1    | Killed an orc sorcerer
  9618 | Orc:1    | Noticed an orc high priest
  9620 | Orc:1    | Noticed a sun demon
  9634 | Orc:1    | HP: 4/91 [orc high priest/divine providence (9)]
  9659 | Orc:1    | Noticed a sixfirhy
  9663 | Orc:1    | Killed an orc high priest
  9663 | Orc:1    | Reached XP level 11. HP: 20/97 MP: 11/11
  9746 | Orc:1    | Found a roughly hewn altar of Beogh.
 10069 | Orc:1    | Reached skill level 11 in Shields
 10164 | Orc:1    | Reached ***** piety under the Shining One
 10250 | Orc:2    | Entered Level 2 of the Orcish Mines
 10250 | Orc:2    | Found a staircase to the Elven Halls.
 10309 | Orc:2    | Killed from afar by an orc priest

Vault maps used:
D:1:      dpeg_arrival_arbitrary_b
D:2:      old_standard_altar
D:3:      nicolae_qazlal_style_of_elements, first_bread
D:4:      nicolae_ossuary_entry_catacombs, uniq_blork_the_orc,
          uniq_crazy_yiuf_cottage, uniq_eustachio
D:5:      serial_shops, shop, uniq_prince_ribbit1
D:6:      overflow_temple_1_default, gammafunk_temple_overflow_elements,
          minmay_temple_entry_crystal_x, mumra_transporter_accident,
          grunt_ministairs_1
D:7:      enter_bailey_3, uniq_joseph
D:8:      lemuel_round_altar, overflow_temple_1_default, marbit_many_paths,
          kennysheep_little_box
D:9:      lemuel_doored_altar, evilmike_ruin_ashenzari, fedhas_altar_4,
          minmay_orc_entry_temple_small
Temple:   minmay_temple_curvy_8
Orc:1:    bh_open_orc_temple
Orc:2:    pf_orc_diabolical
Bailey:   bailey_polearm_1, bailey

Skill      XL: |  1  2  3  4  5  6  7  8  9 10 11 |
---------------+----------------------------------+-----
Fighting       | 3 4 5 6 |  6.2
Dodging        | 1 2 3 5 6 7 |  7.4
Shields        | 4 5 6 7 8 10 11 | 11.1
Armour         | 4 5 6 7 8 |  8.1
Stealth        | 1 2 |  2.5
Axes           | 3 4 5 6 7 8 9 |  9.1
Evocations     | 1 2 3 |  3.3
Throwing       | |  0.6

Action                   |  1- 3 |  4- 6 |  7- 9 | 10-12 || total
-------------------------+-------+-------+-------+-------++-------
Melee: War axe           |   124 |    47 |       |       ||   171
       Hand axe          |       |    63 |   390 |   386 ||   839
Throw: Throwing net      |       |       |     3 |       ||     3
 Abil: Device Recharging |       |       |     1 |     1 ||     2
Evoke: Wand              |       |     2 |    21 |     9 ||    32
  Use: Scroll            |     5 |     2 |    11 |     2 ||    20
       Potion            |       |       |     3 |     2 ||     5
  Eat: Royal jelly       |     1 |       |       |       ||     1
       Beef jerky        |       |     2 |     1 |     1 ||     4
       Bread ration      |       |     1 |     1 |     1 ||     3
       Meat ration       |       |       |     2 |       ||     2
       Pizza             |       |       |     1 |     1 ||     2
